 Dungeon Crawl Stone Soup version 0.28-a0-872-g80cf8599ee (webtiles) character file.

Game seed: 645220814980912897

32 ders the Digger (level 3, -1/19 HPs)
             Began as a Gargoyle Earth Elementalist on Nov 20, 2021.
             Slain by a worm (4 damage)
             ... on level 2 of the Dungeon.
             The game lasted 00:01:04 (1109 turns).

ders the Digger (Gargoyle Earth Elementalist)       Turns: 1109, Time: 00:01:05

Health: -1/19      AC:  6    Str: 11    XL:     3   Next: 25%
Magic:  0/6        EV: 11    Int: 16    God:
Gold:   65         SH:  0    Dex: 10    Spells: 2/6 levels left

rFire   . . .      SeeInvis .   (no weapon)
rCold   . . .      Faith    .   (no shield)
rNeg    + . .      Spirit   .   b - +0 robe
rPois   ∞          Reflect  .   (no helmet)
rElec   +          Harm     .   (no cloak)
rCorr   .          Rampage  .   a - +0 pair of gloves
Will    .....                   (no boots)
Stlth   ++........              (no amulet)
HPRegen 0.06/turn               (no ring)
MPRegen 0.10/turn               (no ring)

@: no status effects
A: sickness immunity, AC +3, negative energy resistance 1, electricity
resistance, torment resistance 1, petrification resistance
a: no special abilities


You were on level 2 of the Dungeon.
You visited 1 branch of the dungeon, and saw 2 of its levels.

You collected 65 gold pieces.

Inventory:

Missiles
 c - 14 stones
Armour
 a - a +0 pair of gloves (worn)
 b - a +0 robe (worn)
Jewellery
 h - a +4 ring of evasion
Scrolls
 d - 2 scrolls of fear {unknown}
 e - a scroll of summoning {unknown}
 f - a scroll of amnesia {unknown}
 g - a scroll of noise {unknown}


   Skills:
 - Level 1.5 Dodging
 - Level 2.1 Stealth
 + Level 2.4 Spellcasting
 + Level 1.6 Conjurations
 - Level 0.7 Transmutations
 + Level 4.2 Earth Magic


You had 2 spell levels left.
You knew the following spells:

 Your Spells              Type           Power      Damage    Failure   Level
a - Sandblast             Erth           30%        2d9       3%          1
b - Stone Arrow           Conj/Erth      22%        3d8       19%         3

Your spell library contained the following spells:

 Spells                   Type           Power      Damage    Failure   Level
 Passwall                 Tmut/Erth      7%         N/A       11%         2
 Petrify                  Tmut/Erth      9%         N/A       56%         4


Dungeon Overview and Level Annotations

Branches:
Dungeon (2/15)

Altars:

Shops:
D:1 [


Innate Abilities, Weirdness & Mutations

You are immune to sickness and miasma.
Your stone body is resilient. (AC +3)
You are immune to poison.
You resist negative energy. (rN+)
You are resistant to electric shocks. (rElec)
You are resistant to unholy torment.
You are immune to petrification.


Message History

The worm is moderately wounded.
The orc hits you with a +0 mace of protection.
You hit the worm but do no damage.
The worm is moderately wounded.
The orc hits you but does no damage. The worm bites you.
You hit the worm but do no damage.
The worm is moderately wounded.
The orc barely misses you.
You hit the worm but do no damage.
The worm is moderately wounded.
The orc barely misses you. The worm barely misses you.
Casting: Sandblast (safe; 3% risk of failure)
Confirm with . or Enter, or press ? or * to list all spells.
Aiming: Sandblast (safe; 3% risk of failure)
Press: ? - help, Shift-Dir - straight line, f/p - worm
Aim: a worm (lightly wounded, 93% to hit)
The blast of sand hits the worm!
The worm is severely wounded.
The orc hits you with a +0 mace of protection.
The worm barely misses you.
Unknown command.
You barely miss the worm.
The worm is severely wounded.
The orc hits you with a +0 mace of protection.
You barely miss the worm.
The worm is severely wounded.
The orc hits you with a +0 mace of protection.
The worm barely misses you.
You hit the worm but do no damage.
The worm is heavily wounded.
The orc hits you with a +0 mace of protection.
You hit the worm but do no damage.
The worm is heavily wounded.
The orc hits you with a +0 mace of protection.
* * * LOW HITPOINT WARNING * * *
The worm barely misses you.
You hit the worm.
The worm is severely wounded.
The orc hits you but does no damage. The worm bites you.
You die...

#.......... #...#
#.......... #...#
#.......... #...#
#.......... #...###
##........# ###.....#
#.....†.... #....)..#
#.......... #.#..o..#
#.......... ##....@#.#
#..†....... ##..###w..#
#.......... ####... ##..##
##........#
#....#.####...#####.......#
#....)..........####.#.....
#....##.....##.†...#.#....#
#.. #.†#######.##.#.#....#
. #r## #.##...#....# #?.
#.###.......#


You could see a worm and an orc.

Vanquished Creatures
  A dart slug (D:1)
  A ball python (D:1)
  3 endoplasms (D:1)
  3 giant cockroaches
  4 hobgoblins
  2 jackals (D:1)
  2 kobolds (D:1)
  4 bats
  2 frilled lizards
  2 goblins (D:2)
  3 rats
27 creatures vanquished.

Notes
Turn   | Place    | Note
-------+----------+-------------------------------------------
     0 | D:1      | ders the Gargoyle Earth Elementalist began the quest for
                  | the Orb.
     0 | D:1      | Reached XP level 1. HP: 10/10 MP: 3/3
   183 | D:1      | Reached skill level 1 in Conjurations
   183 | D:1      | Reached XP level 2. HP: 15/15 MP: 0/5
   398 | D:1      | Reached skill level 4 in Earth Magic
   455 | D:1      | Found Nistihua's Armour Boutique.
   920 | D:2      | Reached XP level 3. HP: 19/19 MP: 3/6
   963 | D:2      | Learned a level 3 spell: Stone Arrow
  1109 | D:2      | Slain by a worm

Illustrated notes

Levels and vault maps discovered:
D:1:      minmay_arrival_stair_chambers, layout_basic, serial_shops,
          nicolae_shop_behind_doors
D:2:      layout_rooms

Skill      XL: |  1  2 |
---------------+-------+-----
Conjurations   | 1 |  1.6
Earth Magic    | 4 |  4.2
Dodging        | |  1.5
Stealth        | |  2.1
Spellcasting   | |  2.4
Transmutations | |  0.7

Action                   || total
-------------------------++-------
Melee: Unarmed           ||    21
 Cast: Sandblast         ||    42
Armor: Robe              ||     6
Dodge: Dodged            ||    27

Table legend: (Time is in decaauts)
 A = Elapsed time spent in this place.
 B = Non-inter-level travel time spent in this place.
 C = Inter-level travel time spent in this place.
 D = Time resting spent in this place.
 E = Time spent auto-exploring this place.
 F = Levels seen in this place.
 G = Mean time per level.
                   A        B        C        D        E       F      G
               +--------+--------+--------+--------+--------+-----+--------+
         Total |   1109 |   1105 |      4 |    241 |    694 |   2 |  554.5 |
       Dungeon |   1109 |   1105 |      4 |    241 |    694 |   2 |  554.5 |
               +--------+--------+--------+--------+--------+-----+--------+

Top non-repeatable levels by time:
     D:1: 933 daAuts
     D:2: 176 daAuts
